 Dungeon Crawl Stone Soup version 0.25.1-2-g60ff931df9 (webtiles) character file.

Game seed: 395991054416881742

8001 HawFromDerth the Carver (level 11, 0/95 HPs)
             Began as a Minotaur Fighter on Sept 22, 2020.
             Was a Believer of Wu Jian.
             Slain by a yak (10 damage)
             ... on level 10 of the Dungeon.
             The game lasted 00:17:05 (10421 turns).

HawFromDerth the Carver (Minotaur Fighter)         Turns: 10421, Time: 00:17:05

Health: 0/95       AC: 16    Str: 23    XL:     11   Next: 4%
Magic:  10/10      EV: 12    Int:  5    God:    Wu Jian [**....]
Gold:   306        SH:  0    Dex: 11    Spells: 10/10 levels left

rFire    . . .     SeeInvis .   a - +0 long sword
rCold    . . .     Gourm    .   c - +0 kite shield
rNeg     . . .     Faith    .   H - +1 swamp dragon scales
rPois    +         Spirit   .   (helmet restricted)
rElec    .         Reflect  .   (no cloak)
rCorr    .         Harm     .   v - +2 pair of gloves
MR       +....                  u - +1 pair of boots
Stlth    +.........             (no amulet)
HPRegen  0.25/turn              q - ring of protection from magic
MPRegen  0.12/turn              x - ring of stealth

@: confused, brilliant
A: retaliatory headbutt, horns 2
a: Wall Jump, Renounce Religion


You were on level 10 of the Dungeon.
You worshipped Wu Jian.
Wu Jian was pleased with you.
You were not hungry.

You visited 2 branches of the dungeon, and saw 11 of its levels.

You collected 476 gold pieces.
You spent 170 gold pieces at shops.

Inventory:

Hand Weapons
 a - a +0 long sword (weapon)
Armour
 b - a +0 scale mail
 c - a +0 kite shield (worn)
 u - a +1 pair of boots (worn)
 v - a +2 pair of gloves (worn)
 D - a +3 ring mail
 H - +1 swamp dragon scales (worn)
Jewellery
 h - an uncursed ring of wizardry
 j - an uncursed ring of protection from fire
 q - a ring of protection from magic (left hand)
 r - a +6 ring of intelligence
 t - a +6 ring of intelligence
 x - a ring of stealth (right hand)
 B - an uncursed ring of magical power {unknown}
Wands
 n - a wand of polymorph (11)
 w - a wand of digging (6)
 C - a wand of disintegration (7)
 E - a wand of clouds (2)
 G - a wand of iceblast (5)
Scrolls
 e - 3 scrolls of identify
 i - 4 scrolls of remove curse
 m - 2 scrolls of random uselessness
 o - 3 scrolls of noise
 s - a scroll of immolation
 y - a scroll of magic mapping {unknown}
Potions
 d - 2 potions of might
 k - 2 potions of ambrosia
 l - 4 potions of curing {unknown}
 p - a potion of resistance {unknown}
 z - 2 potions of mutation {unknown}
 F - a potion of invisibility {unknown}
Comestibles
 f - 16 rations
 A - 5 chunks of flesh


   Skills:
 + Level 8.5 Fighting
 + Level 11.9 Long Blades
 + Level 8.6 Armour
 + Level 5.8 Dodging
 + Level 3.7 Stealth
 + Level 10.0 Shields


You had 10 spell levels left.
You didn't know any spells.
Your spell library contained the following spells:

 Spells                   Type           Power        Failure   Level  Hunger
 Beastly Appendage        Tmut           #.....       83%         1    None
 Sticks to Snakes         Tmut           #.......     92%         2    None
 Spider Form              Tmut/Pois      #.........   99%         3    None
 Ice Form                 Ice/Tmut       #.......     100%        4    None
 Blade Hands              Tmut           #.........   100%        5    None


Dungeon Overview and Level Annotations

Branches:
Dungeon (10/15)            Temple (1/1) D:7
   Lair: D:8-11         Orc: D:9-12

Altars:
Ashenzari
Cheibriados
Dithmenos
Elyvilon
Fedhas
Gozag
Hepliaklqana
Kikubaaqudgha
Makhleb
Nemelex Xobeh
Okawaru
Qazlal
Ru
Sif Muna
Trog
Uskayaw
Vehumet
Wu Jian
Xom
Yredelemnul
Zin
The Shining One

Shops:
D:4 [

Annotations:
D:8 1 runed translucent door


Innate Abilities, Weirdness & Mutations

You reflexively headbutt those who attack you in melee.
You have a pair of horns on your head.


Message History

The Council accepts your kill.
The crimson imp blinks!
The yak barely misses you. The yak gores you!
* * * LOW HITPOINT WARNING * * *
You block the yak's attack.
You spin and attack the yak repeatedly.
You closely miss the yak.
The yak is severely wounded.
You hit the yak but do no damage. You headbutt the yak!
The yak is almost dead.
You spin and attack the yak.
You hit the yak.
The yak is lightly wounded.
The yak gores you but does no damage. You block the yak's attack.
You see here a yak corpse.
It was a potion of ambrosia.
You are confused.
You feel invigorated. The yak closely misses you.
The yak gores you but does no damage. x2
It was a potion of brilliance.
You feel clever all of a sudden. The yak gores you but does no damage.
The yak gores you!
You die...

.......#...#..
..(....)...'.
.......#...#
#.....##...## #
##...##.....## ...
.#####..###.5#####.5##
..)........#..........
###........###..##.##
#........#...Y@..#
#####.####.####YY#.#
.# #..............#
.######......###...#
.#....'......# ##..#
.#.####......# .>#
.#.# #......# #.# .#.#
#......# .# .#.#
#......#


You could see 3 yaks and a crimson imp.

Vanquished Creatures
  A two-headed ogre (D:10)
  Joseph (D:7)
  A gargoyle (D:10)
  Psyche (D:8)
  Maggie (D:8)
  A troll (D:10)
  A hornet (D:9)
  2 hippogriffs
  Sigmund (D:6)
  7 yaks
  2 soldier ants (D:9)
  A water moccasin (D:7)
  3 black bears
  3 orc warriors
  2 ice beasts
  2 sky beasts (D:7)
  6 ogres
  A phantom (D:5)
  A big kobold (D:10)
  10 bullfrogs
  8 killer bees
  2 vampire bats (D:4)
  2 electric eels (D:9)
  2 crimson imps
  A quasit (D:8)
  2 centaur skeletons
  2 orc priests
  5 hounds
  3 bullfrog skeletons
  A gnoll shaman (D:6)
  4 iguanas
  3 orc wizards
  12 worker ants
  A hound skeleton (D:8)
  8 gnolls
  10 adders
  An ooze (D:2)
  An adder skeleton (D:10)
  3 worms (D:2)
  2 dart slugs (D:2)
  6 leopard geckos
  21 orcs
  3 ball pythons
  3 bat skeletons (D:4)
  2 bat zombies (D:4)
  5 giant cockroaches
  6 goblins
  5 hobgoblins
  6 jackals (D:2)
  6 quokkas
  9 bats
  A frilled lizard (D:3)
  11 kobolds
  4 rats
209 creatures vanquished.

Notes
Turn   | Place    | Note
-------+----------+-------------------------------------------
     0 | D:1      | HawFromDerth the Minotaur Fighter began the quest for the
                  | Orb.
     0 | D:1      | Reached XP level 1. HP: 19/19 MP: 0/0
   138 | D:1      | Reached XP level 2. HP: 27/27 MP: 1/1
   535 | D:2      | Reached XP level 3. HP: 32/33 MP: 2/2
   760 | D:2      | Reached skill level 3 in Long Blades
   900 | D:2      | Reached XP level 4. HP: 38/40 MP: 3/3
  1440 | D:3      | Reached skill level 1 in Dodging
  1566 | D:3      | Found a burning altar of Makhleb.
  1605 | D:3      | Reached skill level 5 in Armour
  1716 | D:3      | Found a hazy altar of Hepliaklqana.
  1718 | D:3      | Found a white marble altar of Elyvilon.
  1881 | D:4      | Noticed an ogre
  1888 | D:4      | Killed an ogre
  1888 | D:4      | Reached skill level 4 in Long Blades
  1888 | D:4      | Reached XP level 5. HP: 28/47 MP: 4/4
  2081 | D:4      | Noticed an ogre
  2088 | D:4      | Killed an ogre
  2088 | D:4      | Reached skill level 5 in Long Blades
  2088 | D:4      | Reached XP level 6. HP: 8/53 MP: 5/5
  2653 | D:4      | Found an opulent altar of Gozag.
  2783 | D:4      | Found the +4 skin of Zhor {Englaciate rC+++ SInv}
  2880 | D:4      | Found an ancient bone altar of Kikubaaqudgha.
  2983 | D:4      | Found Zuttifik's Armour Shop.
  2986 | D:4      | Bought a +0 scale mail for 44 gold pieces
  2986 | D:4      | Bought a +1 pair of boots for 126 gold pieces
  3151 | D:5      | Entered Level 5 of the Dungeon
  3218 | D:5      | Reached XP level 7. HP: 60/60 MP: 6/6
  3251 | D:5      | Reached skill level 5 in Fighting
  3277 | D:5      | Reached skill level 6 in Long Blades
  3277 | D:5      | Reached skill level 5 in Shields
  3685 | D:5      | Reached skill level 7 in Long Blades
  4112 | D:6      | Reached XP level 8. HP: 70/70 MP: 7/7
  4293 | D:6      | Noticed Sigmund
  4318 | D:6      | Killed Sigmund
  4574 | D:6      | Reached skill level 8 in Long Blades
  5474 | D:7      | Found a staircase to the Ecumenical Temple.
  5489 | Temple   | Entered the Ecumenical Temple
  5715 | Temple   | Became a worshipper of the Wu Jian Council
  5782 | D:7      | Reached skill level 9 in Long Blades
  5921 | D:7      | Reached XP level 9. HP: 69/78 MP: 8/8
  6013 | D:7      | Reached skill level 1 in Stealth
  6620 | D:7      | Noticed Joseph
  6636 | D:7      | Killed Joseph
  7049 | D:8      | Noticed Maggie
  7060 | D:8      | Killed Maggie
  7060 | D:8      | Reached skill level 10 in Long Blades
  7216 | D:8      | Found a glowing golden altar of the Shining One.
  7217 | D:8      | Found a runed translucent door.
  7217 | D:8      | Noticed an angel
  7836 | D:8      | Noticed Psyche
  7848 | D:8      | Killed Psyche
  7848 | D:8      | Reached XP level 10. HP: 86/86 MP: 9/9
  8205 | D:9      | Found a snail-covered altar of Cheibriados.
  8205 | D:9      | Found a shadowy altar of Dithmenos.
  8206 | D:9      | Found a glowing golden altar of the Shining One.
  8224 | D:9      | Found a glowing silver altar of Zin.
  8275 | D:9      | Reached * piety under Wu Jian
  9324 | D:9      | Reached skill level 11 in Long Blades
  9324 | D:9      | Reached skill level 5 in Dodging
  9529 | D:9      | Found a sacrificial altar of Ru.
  9615 | D:10     | Entered Level 10 of the Dungeon
 10000 | D:10     | Noticed a two-headed ogre
 10011 | D:10     | Killed a two-headed ogre
 10073 | D:10     | Noticed a gargoyle
 10083 | D:10     | Killed a gargoyle
 10090 | D:10     | Reached ** piety under Wu Jian
 10345 | D:10     | Reached skill level 10 in Shields
 10396 | D:10     | Reached XP level 11. HP: 95/95 MP: 10/10
 10418 | D:10     | HP: 1/95 [yak (12)]
 10421 | D:10     | Slain by a yak

Illustrated notes

Levels and vault maps discovered:
D:1:      lemuel_arrival_river_ford, layout_rooms, hangedman_decor_slide_cut
D:2:      layout_loops_ring
D:3:      layout_rooms, grunt_temple_overflow_open, bloody_makhleb
D:4:      layout_basic, kennysheep_vampire_church, serial_shops,
          kennysheep_mini, nicolae_gozag_seed_capital
D:5:      layout_loops_ring, first_ration
D:6:      layout_basic, minmay_misc_feat_tower, uniq_sigmund
D:7:      layout_layer_cave, minmay_temple_entry_trees, uniq_joseph
D:8:      layout_loops_corners, lemuel_angel_altar, uniq_maggie, uniq_psyche
D:9:      layout_basic, nicolae_overflow_quartered_altars,
          hangedman_pestilent_swarm, nicolae_ru_path_of_blood
D:10:     kennysheep_six_static_rooms, layout_basic
Temple:   regret_index_temple_generic_petals

Skill      XL: |  1  2  3  4  5  6  7  8  9 10 |
---------------+-------------------------------+-----
Armour         | 4 5 6 7 8 |  8.6
Shields        | 4 5 6 8 10 | 10.0
Fighting       | 4 5 6 7 8 |  8.5
Long Blades    | 3 4 5 7 9 10 11 | 11.9
Dodging        | 1 2 3 4 5 |  5.8
Stealth        | 2 3 |  3.7

Action                   |  1- 3 |  4- 6 |  7- 9 | 10-12 || total
-------------------------+-------+-------+-------+-------++-------
Melee: Long sword        |    87 |   101 |   298 |   253 ||   739
       Headbutt          |    10 |    23 |    68 |    66 ||   167
Invok: Lunge             |       |       |     9 |    14 ||    23
       Whirlwind         |       |       |       |     7 ||     7
  Use: Scroll            |       |     6 |     4 |       ||    10
       Potion            |       |       |       |     2 ||     2
 Stab: Sleeping          |       |       |     7 |     2 ||     9
  Eat: Chunk             |       |     6 |     9 |     2 ||    17
       Ration            |       |       |     2 |     2 ||     4
Armor: Scale mail        |    52 |    44 |    33 |       ||   129
       Ring mail         |       |       |    52 |       ||    52
       Swamp dragon scal |       |       |     8 |   100 ||   108
Dodge: Dodged            |    36 |    31 |   114 |   115 ||   296
Block: Kite shield       |    47 |    53 |   160 |   163 ||   423
       Rpst.: Long sword |    10 |    10 |    29 |    26 ||    75
